AoeStats
← rissole5.com

Arabia

510923175Analyzed
1v1 RM · 10h ago on Oct 3, 2026· 69m 39s· 2 players
Game mode
Random Map
Map size
Tiny (2 player)
Population
200
Speed
Normal
Resources
Standard
Victory
Conquest
Starting age
Dark Age
Ending age
Imperial Age
RankedLock teamsTeams togetherTeam positionsShared explorationLock speedFull tech treeHidden civsTurbo modeCheats
Victory
Defeat
🇵🇪 Byzantines · Peru
715
+17
🇦🇺 Goths · Australia
740
-41
ArminioTeuto
11:10 Feudal Age
10:34 Loom
12:54 Double-Bit Axe
18:10 Gold Mining
21:20 Castle Age
20:44 Fletching
22:34 Crossbowman
24:41 Gold Shaft Mining
25:19 Bodkin Arrow
26:49 Thumb Ring
28:11 Wheelbarrow
30:39 Padded Archer Armor
32:11 Hand Cart
33:21 Ballistics
36:34 Stone Mining
40:15 Imperial Age
38:28 Murder Holes
40:02 Bow Saw
40:35 Leather Archer Armor
40:27 Scale Barding Armor
42:20 Arbalester
44:32 Conscription
44:17 Bracer
44:33 Horse Collar
48:26 Stone Shaft Mining
50:02 Ring Archer Armor
50:37 Chemistry
51:12 Two-Man Saw
52:37 Hoardings
59:30 Light Cavalry
rissole5.com
12:10 Feudal Age
17:01 Loom
19:13 Double-Bit Axe
21:25 Wheelbarrow
20:42 Horse Collar
23:39 Castle Age
22:02 Gold Mining
22:06 Stone Mining
22:50 Scale Mail Armor
23:26 Man-at-Arms
25:08 Forging
27:14 Long Swordsman
28:33 Chain Mail Armor
36:27 Iron Casting
46:56 Imperial Age
49:22 Two-Handed Swordsman
57:50 Stone Shaft Mining
60:30 Fletching
60:42 Padded Archer Armor
Connection lost

Rejoining the realm…

Still unreachable

The connection could not be restored.

Session expired

The server has moved on; the page needs a fresh start.